 Dungeon Crawl Stone Soup version 0.29.1-13-g9f3cf754e1 (webtiles) character file.

Game seed: 3773867111227232629

294 Heoruswealwe the Grave Robber (level 6, -2/32 HPs)
             Began as a Deep Elf Necromancer on Feb 9, 2023.
             Slain by a four-headed hydra (4 damage)
             ... summoned by the darkness of Dithmenos
             ... on level 4 of the Dungeon.
             The game lasted 00:55:48 (3231 turns).

Heoruswealwe the Grave Robber (DENe)                Turns: 3231, Time: 00:55:48

Health: -2/32      AC:  3    Str:  5    XL:     6   Next: 11%
Magic:  12/17      EV: 13    Int: 22    God:
Gold:   176        SH:  0    Dex: 15    Spells: 13/17 levels left

rFire   . . .      SeeInvis .   g - staff of death
rCold   . . .      Faith    .   (no shield)
rNeg    + . .      Spirit   .   G - +0 robe
rPois   .          Reflect  .   (no helmet)
rElec   .          Harm     .   E - +0 cloak
rCorr   .          Rampage  .   (no gloves)
Will    .....                   (no boots)
Stlth   ++........              (no amulet)
HPRegen 0.10/turn               (no ring)
MPRegen 0.15/turn               (no ring)

@: marked
A: no striking features
a: no special abilities


You were on level 4 of the Dungeon.
You visited 1 branch of the dungeon, and saw 4 of its levels.

You collected 176 gold pieces.

Inventory:

Hand Weapons
 d - a +2 short sword of venom
 n - a +0 lajatang
 o - a +0 mace
 z - a +0 dagger of holy wrath
 O - the +11 hand axe of Crusades {antimagic, Str+3}
   (You found it on level 3 of the Dungeon)

   It reduces the magical energy of the wielder, and disrupts the spells and
   magical abilities of those it strikes.
   Natural abilities and divine invocations are not affected.
   Str:       It affects your strength (+3).
 X - a +0 falchion
Missiles
 J - 5 boomerangs
 P - 2 throwing nets
Armour
 b - a scarf of invisibility
 E - a +0 cloak (worn)
 G - a +0 robe (worn)
Magical Staves
 g - a staff of death (weapon)
 j - a staff of earth
Scrolls
 h - a scroll of immolation
 s - 2 scrolls of brand weapon
 x - a scroll of magic mapping
 y - a scroll of fog
 C - a scroll of torment
 K - a scroll of amnesia
 L - a scroll of teleportation {unknown}
Potions
 i - a potion of attraction {unknown}
 l - 2 potions of curing {unknown}
 m - 3 potions of heal wounds {unknown}
 q - a potion of berserk rage {unknown}
 v - 3 potions of flight {unknown}
 B - a potion of might {unknown}
 D - 2 potions of degeneration {unknown}
 F - a potion of lignification {unknown}


   Skills:
 + Level 2.8 Dodging
 + Level 2.7 Stealth
 + Level 6.1 Spellcasting
 + Level 7.1 Necromancy


You had 13 spell levels left.
You knew the following spells:

 Your Spells              Type           Power      Damage    Failure   Level
a - Necrotise             Necr           100%       1d9       1%          1
b - Vampiric Draining     Necr           55%        2d9       1%          3

Your spell library contained the following spells:

 Spells                   Type           Power      Damage    Failure   Level
 Animate Dead             Necr           55%        N/A       4%          4
 Agony                    Necr           55%        N/A       13%         5
 Tukima's Dance           Hex            6%         N/A       26%         3
 Passage of Golubria      Tloc           6%         N/A       65%         4
 Yara's Violent Unravell  Hex/Tmut       3%         3d4       94%         5


Dungeon Overview and Level Annotations

Branches:
Dungeon (4/15)
 Temple: D:4-7

Altars:
Dithmenos
Xom


Message History

a +0 robe; a +0 robe You drop a +0 leather armour. x2
Okay, then.
You drop a +0 ring mail.
You drop a +0 scale mail. x2
You drop a +0 chain mail.
An orc comes into view. It is wielding a +0 short sword.
A kobold comes into view. It is wielding a +0 club.
You see here a goblin skeleton.
The kobold throws a stone.
The stone hits you but does no damage.
Casting: Vampiric Draining (safe; 1% risk of failure)
Confirm with . or Enter, or press ? or * to list all spells.
Aiming: Vampiric Draining (safe; 1% risk of failure)
Press: ? - help, Shift-Dir - straight line, f - orc
Aim: an orc, wielding a +0 short sword and wearing a +0 chain mail You feel a surge of power!
You draw life force from the orc!
You kill the orc!
Items here: $ ) [ ÷ †.
Casting: Vampiric Draining (safe; 1% risk of failure)
Confirm with . or Enter, or press ? or * to list all spells.
Aiming: Vampiric Draining (safe; 1% risk of failure)
Press: ? - help, Shift-Dir - straight line, f - kobold
Aim: a kobold, wielding a +0 club and quivering stones You feel a surge of power!
You draw life force from the kobold!
You kill the kobold!
Dithmenos weaves monsters from the shadows.
Casting: Vampiric Draining (safe; 1% risk of failure)
Confirm with . or Enter, or press ? or * to list all spells.
You can't see any susceptible monsters within range! (Use Z to cast anyway.)
You hit the yak.
The yak is lightly wounded.
You closely miss the yak.
The yak is lightly wounded.
The yak gores you! The four-headed hydra bites you!
* * * LOW HITPOINT WARNING * * *
The four-headed hydra bites you.
* * * LOW HITPOINT WARNING * * *
The four-headed hydra bites you.
You die...

#.<..#..# #######...#
#....##.# ###........##
#...###.##
#[))(.....### #...#
#..# #.).........#
##..# ##Y#
#[).......<.. ##.# #.#
##.).......... #.#
#Y###.[)..........
######D)...[)..........
##..@#Y..............
##...##...[...........
##..#####..............
#..## #..............
#### #..............
##.............
#.............
##.###.......# ###
###...###


You could see a four-headed hydra (summoned) and 2 yaks.

Vanquished Creatures
  A scorpion (D:4)
  A gnoll bouda (D:3)
  A jelly (D:3)
  An orc wizard (D:3)
  4 adders
  3 gnolls (D:3)
  A worm (D:2)
  4 dart slugs (D:1)
  6 orcs
  9 ball pythons
  3 bats
  4 endoplasms
  A giant cockroach (D:1)
  6 goblins
  7 hobgoblins
  5 jackals
  5 kobolds
  A quokka (D:3)
  4 frilled lizards
  4 rats
71 creatures vanquished.

Vanquished Creatures (collateral kills)
  A dart slug (D:3)
  A frilled lizard (D:3)
2 creatures vanquished.

Grand Total: 73 creatures vanquished

Notes
Turn   | Place    | Note
-------+----------+-------------------------------------------
     0 | D:1      | Heoruswealwe the Deep Elf Necromancer began the quest for
                  | the Orb.
     0 | D:1      | Reached XP level 1. HP: 10/10 MP: 6/6
    33 | D:1      | Reached skill level 5 in Necromancy
    54 | D:1      | Reached XP level 2. HP: 11/15 MP: 0/8
   550 | D:1      | Reached XP level 3. HP: 19/19 MP: 5/10
   711 | D:1      | Learned a level 3 spell: Vampiric Draining
  1142 | D:2      | Reached skill level 6 in Necromancy
  1316 | D:2      | Reached XP level 4. HP: 24/24 MP: 7/12
  1698 | D:2      | Found a faded altar of an unknown god.
  1755 | D:2      | Prayed at the altar of an unknown god.
  1755 | D:2      | Became a worshipper of Dithmenos the Shadowed
  1755 | D:2      | Reached * piety under Dithmenos
  1758 | D:2      | Fell from the grace of Dithmenos
  2061 | D:3      | Reached skill level 5 in Spellcasting
  2067 | D:3      | Reached XP level 5. HP: 21/28 MP: 1/14
  2174 | D:3      | Identified the +11 hand axe of Crusades {antimagic, Str+3}
  2643 | D:3      | Found a shimmering altar of Xom.
  2840 | D:4      | Reached skill level 7 in Necromancy
  2840 | D:4      | Reached XP level 6. HP: 27/32 MP: 9/17
  3229 | D:4      | Noticed a four-headed hydra
  3229 | D:4      | Noticed a yak
  3229 | D:4      | Noticed a yak
  3229 | D:4      | Noticed a yak
  3231 | D:4      | Slain by a four-headed hydra

Illustrated notes

Levels and vault maps discovered:
D:1:      dpeg_arrival_rooms_b, layout_basic, minmay_misc_feat_secret_circle,
          minmay_misc_feat_more_columns, minmay_indecisive_spiral
D:2:      layout_loops_ring, shapermc_ecumenical_altar_notcrosses,
          grunt_ministairs_7
D:3:      layout_loops_ring, lemuel_tele_altar
D:4:      layout_cave_pods, minmay_temple_entry_statues,
          corexii_item_surrounded_by_moat

Skill      XL: |  1  2  3  4  5 |
---------------+----------------+-----
Necromancy     | 5 6 7 |  7.1
Spellcasting   | 4 5 6 |  6.1
Dodging        | |  2.8
Stealth        | |  2.7

Action                   |  1- 3 |  4- 6 || total
-------------------------+-------+-------++-------
Melee: Staff             |       |     2 ||     2
 Cast: Necrotise         |    56 |    40 ||    96
       Vampiric Draining |     4 |    19 ||    23
Invok: Renounce Religion |       |     1 ||     1
  Use: Scroll            |     2 |     4 ||     6
       Potion            |       |     1 ||     1
Armor: Robe              |     4 |     5 ||     9
Dodge: Dodged            |     4 |    15 ||    19
